 Dungeon Crawl Stone Soup version 0.29-a0-378-gc08b2e8bf8 (webtiles) character file.

Game seed: 15572824983566847899

249 Bruhh the Gusty (level 6, -5/41 HPs)
             Began as a Human Air Elementalist on May 5, 2022.
             Was a Follower of Cheibriados.
             Killed by nerve-wracking pain
             ... invoked by Grinder
              (8 damage)
             ... while paralysed by Grinder
             ... on level 4 of the Dungeon.
             The game lasted 00:12:31 (5280 turns).

Bruhh the Gusty (Human Air Elementalist)            Turns: 5280, Time: 00:12:32

Health: -5/41      AC:  3    Str: 11    XL:     6   Next: 35%
Magic:  4/10       EV:  2    Int: 19    God:    Cheibriados [*.....]
Gold:   187        SH:  0    Dex: 15    Spells: 8/11 levels left

rFire   . . .      SeeInvis .   w - +1 whip (elec)
rCold   . . .      Faith    .   (no shield)
rNeg    . . .      Spirit   .   a - +0 robe
rPois   +          Reflect  .   (no helmet)
rElec   .          Harm     .   (no cloak)
rCorr   .          Rampage  .   j - +0 pair of gloves
Will    .....                   (no boots)
Stlth   ++........              t - amulet of the acrobat
HPRegen 0.13/turn               h - ring of poison resistance
MPRegen 0.12/turn               (no ring)

@: paralysed, very slow
A: no striking features
a: Renounce Religion, Bend Time


You were on level 4 of the Dungeon.
You worshipped Cheibriados.
Cheibriados was aware of your devotion.
You visited 1 branch of the dungeon, and saw 4 of its levels.

You collected 187 gold pieces.

Inventory:

Hand Weapons
 d - a +0 short sword
 m - a +0 dagger of speed
 w - a +1 whip of electrocution (weapon)
Armour
 a - a +0 robe (worn)
 j - a +0 pair of gloves (worn)
 q - the +3 leather armour of the Baleful Wumpus {rN+ Str+4 Int+6 Slay-6}
   (You found it on level 2 of the Dungeon)

   Str:       It affects your strength (+4).
   Int:       It affects your intelligence (+6).
   Slay:      It affects your accuracy & damage with ranged weapons and melee
   (-6).
   rN:        It protects you from negative energy.
Jewellery
 h - a ring of poison resistance (left hand)
 t - an amulet of the acrobat (around neck)
 v - an amulet of magic regeneration
Scrolls
 b - a scroll of noise {unknown}
 f - a scroll of fear {unknown}
 g - a scroll of vulnerability {unknown}
 i - 2 scrolls of teleportation {unknown}
 k - a scroll of identify {unknown}
 o - a scroll of torment {unknown}
 r - a scroll of enchant weapon {unknown}
 u - a scroll of summoning {unknown}
 y - a scroll of immolation {unknown}
 z - a scroll of poison {unknown}
Potions
 c - a potion of flight {unknown}
 l - a potion of heal wounds {unknown}
 n - 2 potions of haste {unknown}
 p - a potion of ambrosia {unknown}
 s - a potion of curing {unknown}
 x - a potion of degeneration {unknown}


   Skills:
 - Level 2.0 Dodging
 - Level 2.0 Stealth
 + Level 3.0 Spellcasting
 + Level 3.5 Conjurations
 - Level 5.0 Air Magic


You had 8 spell levels left.
You knew the following spells:

 Your Spells              Type           Power      Damage    Failure   Level
a - Shock                 Conj/Air       76%        1d7       2%          1
b - Static Discharge      Conj/Air       19%        N/A       4%          2

Your spell library contained the following spells:

 Spells                   Type           Power      Damage    Failure   Level
 Swiftness                Air            21%        N/A       6%          3
 Airstrike                Air            10%        N/A       19%         4
 Gell's Gravitas          Tloc           2%         N/A       41%         3
 Lesser Beckoning         Tloc           2%         N/A       41%         3
 Teleport Other           Tloc           2%         N/A       41%         3


Dungeon Overview and Level Annotations

Branches:
Dungeon (4/15)
 Temple: D:4-7

Altars:
Cheibriados
Nemelex Xobeh

Annotations:
D:4 Grinder


Message History

Unknown command.
Casting: Static Discharge (safe; 4% risk of failure)
Confirm with . or Enter, or press ? or * to list all spells.
The orc is struck by an arc of lightning!
You kill the orc!
Cheibriados appreciates the change of pace.
Grinder is struck by an arc of lightning.
Grinder is lightly wounded.
The lightning grounds out.
The orc wizard is struck by an arc of lightning.
You kill the orc wizard!
Cheibriados thoroughly appreciates the change of pace.
You are struck by an arc of lightning.
The lightning grounds out.
Grinder blinks!
Training target 5.0 for Air Magic reached!
Your Air Magic skill increases to level 5!
Blink to where?
Press: ? - help, Dir - move target
As you read the scroll labelled DIG ZOULOLU SAOGO, it crumbles to dust.
It was a scroll of blinking.
Found a scroll labelled ZUINWA JUARPH and a scroll labelled HASYET IBEF.
i - 2 scrolls labelled ZUINWA JUARPH (gained 1) Grinder says, "Make like a tree!"
You see here a scroll labelled HASYET IBEF.
Grinder blinks!
Grinder attacks as you move away! Grinder barely misses you.
Grinder gestures at you.
You barely resist.
The zap misses Grinder.
Grinder hits you!
You writhe in agony.
Grinder attacks as you move away! Grinder hits you!
You writhe in agony.
Grinder gestures at you.
You suddenly lose the ability to move!
Grinder gestures at you.
You barely resist. Grinder gestures at you. Pain shoots through your body!
* * * LOW HITPOINT WARNING * * *
Grinder gestures at you. Pain shoots through your body!
You die...

#..#.##.# .. ##.#
#..#.##.# .. #.##
#..#..#<###. ##.#
#..##.#.##.. #.
#.......##.# #.
#####.####.######
## #.#
##......###### #.#
#?......#.....
#@###..###..#)####
#.5.........).#
#####..###..###
#..###..#
#......†#
######.## #...#
#...# #...#


You could see Grinder.

Vanquished Creatures
  2 orc wizards
  5 gnolls
  5 adders
  A worm (D:2)
  3 dart slugs
  6 orcs
  7 ball pythons
  10 endoplasms
  7 giant cockroaches
  2 hobgoblins (D:2)
  2 jackals (D:3)
  10 kobolds
  5 quokkas (D:1)
  5 bats
  3 frilled lizards
  7 goblins
  12 rats
92 creatures vanquished.

Notes
Turn   | Place    | Note
-------+----------+-------------------------------------------
     0 | D:1      | Bruhh the Human Air Elementalist began the quest for the
                  | Orb.
     0 | D:1      | Reached XP level 1. HP: 13/13 MP: 3/3
   296 | D:1      | Reached XP level 2. HP: 18/19 MP: 0/5
  1000 | D:1      | Reached XP level 3. HP: 24/24 MP: 1/6
  1819 | D:1      | Learned a level 2 spell: Static Discharge
  2505 | D:2      | Reached XP level 4. HP: 23/30 MP: 0/8
  2611 | D:2      | Reached skill level 4 in Air Magic
  2883 | D:2      | Found a sparkling altar of Nemelex Xobeh.
  3097 | D:2      | Found a faded altar of an unknown god.
  3470 | D:2      | Reached XP level 5. HP: 35/35 MP: 7/9
  3488 | D:2      | Identified the +3 leather armour of the Baleful Wumpus {rN+
                  | Str+4 Int+6 Slay-6}
  4118 | D:3      | Found a snail-covered altar of Cheibriados.
  4220 | D:3      | Became a worshipper of Cheibriados the Contemplative
  4722 | D:3      | Reached * piety under Cheibriados
  5121 | D:4      | Reached XP level 6. HP: 41/41 MP: 5/10
  5246 | D:4      | Noticed Grinder
  5262 | D:4      | Reached skill level 5 in Air Magic
  5277 | D:4      | Paralysed by Grinder for 4 turns
  5280 | D:4      | Killed from afar by Grinder

Illustrated notes

Levels and vault maps discovered:
D:1:      minmay_arrival_nine_rooms, layout_loops_corners,
          minmay_rat_gold_closets
D:2:      layout_basic, basic_altar, ebering_ecumenical_altar_mist, st_stairs_10
D:3:      minmay_razor_zed, layout_rooms, kennysheep_slug_shrine,
          chequers_garden, serial_bayou_crossing
D:4:      layout_loops_cross, uniq_grinder, uniq_menkaure

Skill      XL: |  1  2  3  4  5  6 |
---------------+-------------------+-----
Spellcasting   | 3 |  3.0
Air Magic      | 4 5 |  5.0
Conjurations   | 2 3 |  3.5
Dodging        | |  2.0
Stealth        | |  2.0

Action                   |  1- 3 |  4- 6 || total
-------------------------+-------+-------++-------
Melee: Short sword       |     3 |       ||     3
       Dagger            |       |    27 ||    27
       Punch             |       |     1 ||     1
       Whip              |       |     3 ||     3
 Cast: Shock             |    81 |   100 ||   181
       Static Discharge  |     3 |    24 ||    27
  Use: Potion            |       |     1 ||     1
       Scroll            |       |     1 ||     1
Armor: Robe              |     8 |    14 ||    22
Dodge: Dodged            |    45 |    59 ||   104

Table legend: (Time is in decaauts)
 A = Elapsed time spent in this place.
 B = Non-inter-level travel time spent in this place.
 C = Inter-level travel time spent in this place.
 D = Time resting spent in this place.
 E = Time spent auto-exploring this place.
 F = Levels seen in this place.
 G = Mean time per level.
                   A        B        C        D        E       F      G
               +--------+--------+--------+--------+--------+-----+--------+
         Total |   5424 |   5273 |    151 |    565 |   4000 |   4 | 1356.0 |
       Dungeon |   5424 |   5273 |    151 |    565 |   4000 |   4 | 1356.0 |
               +--------+--------+--------+--------+--------+-----+--------+

Top non-repeatable levels by time:
     D:1: 2414 daAuts
     D:2: 1433 daAuts
     D:3: 1285 daAuts
     D:4: 290 daAuts
